 Dungeon Crawl Stone Soup version 0.31-a0-868-g674d60d6f7 (webtiles) character file.

Game seed: 217567652893323881

476 LeprechaunX the Changeling (level 7, -10/46 HPs)
             Began as an Octopode Shapeshifter on Oct 12, 2023.
             Killed by divine providence
             ... invoked by an orc priest
              (12 damage)
             ... on level 5 of the Dungeon.
             The game lasted 00:03:40 (3468 turns).

LeprechaunX the Changeling (Octopode Shapeshifter)  Turns: 3468, Time: 00:03:41

Health: -10/46     AC:  1    Str: 15    XL:     7   Next: 10%
Magic:  7/7        EV: 14    Int: 13    God:
Gold:   207        SH:  0    Dex: 11    Spells: 6/6 levels left

rFire   . .          .
                       - Unarmed
rCold   . . .        (no shield)
rNeg    . . .        (helmet currently unavailable)
rPois   .            (no amulet)
rElec   .            (no ring)
rCorr   .            (no ring)
SInv    .            (no ring)
Will    .....        (no ring)
Stlth   ++           (no ring)
HPRegen 0.27/turn    (no ring)
MPRegen 0.10/turn    (no ring)
                     (no ring)

%: no passive effects
@: lethally poisoned (-10 -> -10), beast-form
A: beast (slay +2), almost no armour, amphibious, 8 rings, camouflage 1,
gelatinous body 1, (nimble swimmer 1), tentacles
a: Begin Untransformation


You were on level 5 of the Dungeon.
You were a hulking beast.
You visited 1 branch of the dungeon, and saw 5 of its levels.

You collected 229 gold pieces.
You spent 22 gold pieces at shops.

Inventory:

Hand Weapons
 a - a +0 sling
Talismans
 b - a beast talisman (active)
 c - a flux talisman
Wands
 p - a wand of roots (27)
Scrolls
 g - a scroll of butterflies
 j - 2 scrolls of teleportation
 m - 2 scrolls of vulnerability
 n - a scroll of fog {unknown}
 o - a scroll of brand weapon {unknown}
 r - a scroll of acquirement {unknown}
 s - 2 scrolls of blinking {unknown}
Potions
 d - a potion of magic {unknown}
 e - a potion of haste {unknown}
 f - a potion of heal wounds {unknown}
 h - a potion of mutation {unknown}
 i - 2 potions of brilliance
 k - 3 potions of lignification
 l - a potion of curing {unknown}
 q - a potion of attraction {unknown}


   Skills:
 + Level 3.1 Fighting
 + Level 3.7 Dodging
 + Level 4.3 Unarmed Combat
 * Level 5.1 Shapeshifting


You had 6 spell levels left.
You didn't know any spells.
Your spell library contained the following spells:

 Spells                   Type           Power      Damage    Failure   Level
 Dazzling Flash           Conj/Hex       0%         N/A       67%         3
 Agony                    Necr           0%         N/A       100%        5
 Silence                  Hex/Air        0%         N/A       100%        5


Dungeon Overview and Level Annotations

Branches:
Dungeon (5/15)             Temple (0/1) D:4

Altars:
Okawaru
Trog
Yredelemnul

Shops:
D:2 (**   D:4 ?:

Annotations:
D:4 1 runed translucent door
D:5 Pikel


Innate Abilities, Weirdness & Mutations

You are a hulking beast.
Your limbs bulge with bestial killing power. (Slay +2)
You cannot wear most types of armour.
You are amphibious.
You can wear up to eight rings at the same time.
Your skin changes colour to match your surroundings (Stealth+).
Your rubbery body absorbs attacks. (AC +1, EV +1)
((You are camouflaged when in or above water. (Stealth+)))
You have tentacles for arms and can constrict up to eight enemies at once.


Message History

Your grab misses the scorpion.
The scorpion is lightly wounded.
The scorpion stings you.
An orc comes into view. It is wielding a +0 hand axe.
An orc priest comes into view. It is wielding a +0 mace.
Unknown command.
You barely miss the scorpion. You grab the scorpion.
Your tentacle-slap misses the scorpion.
The scorpion is lightly wounded.
You constrict the scorpion. The scorpion stings you!
You are poisoned.
The scorpion poisons you!
You tentacle-slap the scorpion.
The scorpion is lightly wounded.
You constrict the scorpion, but do no damage.
You feel very sick.
A lemure comes into view.
The scorpion closely misses you.
Unknown command.
You bludgeon the scorpion! You squeeze the scorpion.
The scorpion is severely wounded.
You constrict the scorpion.
You feel sick. The scorpion stings you!
You tentacle-slap the scorpion.
You kill the scorpion!
You feel sick.
A lemure comes into view.
You have reached level 7!
You feel sick.
You feel sick. Something hits you.
The orc priest looks satisfied for a moment.
You feel sick.
Pikel, Merchant of Souls comes into view.
He is wielding a +1 whip of electrocution.
The orc priest mumbles some strange prayers to Beogh against you.
Beogh smites you!
* * * LOW HITPOINT WARNING * * *
You feel sick.
You feel sick.
The orc priest invokes the aid of Beogh against you.
Beogh smites you!
You die...

#...........
#.)..........
#..<.........
#............
#.............
#.............
#.............
#.............
#....h........
#.............
#.............
#....o(.......
#.....5...K...
#.......o.....
#.........5...
#......o......
#.............


You could see Pikel, 2 lemures, an orc priest and 2 orcs.

Vanquished Creatures
  A centaur (D:4)
  A phantom (D:4)
  2 scorpions (D:5)
  A hound (D:4)
  A sleepcap (D:4)
  An orc priest (D:3)
  5 adders
  5 orcs
  8 bats
  7 endoplasms
  6 goblins
  7 hobgoblins
  4 jackals (D:3)
  3 quokkas
  3 ball pythons
  7 frilled lizards
  7 kobolds
  A kobold skeleton (D:4)
  5 rats
75 creatures vanquished.

Notes
Turn   | Place    | Note
-------+----------+-------------------------------------------
     0 | D:1      | LeprechaunX the Octopode Shapeshifter began the quest for
                  | the Orb.
     0 | D:1      | Reached XP level 1. HP: 13/13 MP: 1/1
   345 | D:1      | Reached XP level 2. HP: 11/18 MP: 2/2
   690 | D:1      | Found a faded altar of an unknown god.
   690 | D:1      | Noticed a blizzard demon
   971 | D:2      | Found Ycvutu's Assorted Antiques.
  1113 | D:2      | Reached XP level 3. HP: 15/23 MP: 3/3
  1478 | D:2      | Found Secva's Weapon Boutique.
  1602 | D:2      | Found Zesuapp's Assorted Antiques.
  1930 | D:3      | Found a bloodstained altar of Trog.
  1942 | D:3      | Reached XP level 4. HP: 25/29 MP: 1/4
  2452 | D:3      | Reached skill level 4 in Shapeshifting
  2505 | D:4      | Reached XP level 5. HP: 34/34 MP: 5/5
  2514 | D:4      | Noticed a centaur
  2521 | D:4      | Killed a centaur
  2619 | D:4      | Noticed a phantom
  2628 | D:4      | Killed a phantom
  2629 | D:4      | Reached XP level 6. HP: 34/41 MP: 6/6
  2712 | D:4      | Found a runed translucent door.
  2713 | D:4      | Noticed a human
  2717 | D:4      | Found a basalt altar of Yredelemnul.
  2757 | D:4      | Found an iron altar of Okawaru.
  2820 | D:4      | Found Sunagaso's Book Boutique.
  2964 | D:4      | Found Tuser's Magic Scroll Shop.
  2971 | D:4      | Bought a scroll of identify for 22 gold pieces
  2977 | D:4      | Found a staircase to the Ecumenical Temple.
  3355 | D:5      | Entered Level 5 of the Dungeon
  3368 | D:5      | Reached skill level 5 in Shapeshifting
  3464 | D:5      | Reached XP level 7. HP: 18/46 MP: 7/7
  3466 | D:5      | Noticed Pikel
  3468 | D:5      | HP: 2/46 [poisoned by a scorpion]
  3468 | D:5      | Killed from afar by an orc priest

Illustrated notes

Levels and vault maps discovered:
D:1:      eino_arrival_water_star, layout_basic,
          dreamdust_ecumenical_altar_sealed_demon,
          ebering_dispersal_statue_hall, chequers_serial_rivers_micro_a,
          minmay_misc_feat_hallway, wander_ebering_terrifying_dragon_lair
D:2:      layout_basic, serial_shops, shop, nicolae_lakefront_shop, shop
D:3:      wander_river, layout_basic, trog_antimagical
D:4:      layout_basic, mainiacjoe_overflow_alcove_2, dk_yredelemnul_ordeal,
          minmay_temple_entry_slanted, serial_shops, shop, shop
D:5:      layout_gridville, uniq_pikel

Skill      XL: |  1  2  3  4  5  6 |
---------------+-------------------+-----
Fighting       | 2 3 |  3.1
Shapeshifting  | 4 5 |  5.1
Dodging        | 3 |  3.7
Unarmed Combat | 4 |  4.3

Action                     |  1- 3 |  4- 6 |  7- 9 || total
---------------------------+-------+-------+-------++-------
  Melee: Unarmed           |    69 |    82 |       ||   151
         Constrict         |    12 |    18 |       ||    30
         Tentacles         |     9 |    27 |       ||    36
         Punch             |     2 |     2 |       ||     4
   Fire: Sling             |       |     4 |       ||     4
    Use: Scroll            |       |     4 |       ||     4
   Stab: Sleeping          |     2 |     9 |       ||    11
 Armour: Skin              |    19 |    32 |     1 ||    52
  Dodge: Dodged            |    39 |    42 |       ||    81

Table legend: (Time is in decaauts)
 A = Elapsed time spent in this place.
 B = Non-inter-level travel time spent in this place.
 C = Inter-level travel time spent in this place.
 D = Time resting spent in this place.
 E = Time spent auto-exploring this place.
 F = Levels seen in this place.
 G = Mean time per level.
                   A        B        C        D        E       F      G
               +--------+--------+--------+--------+--------+-----+--------+
         Total |   3456 |   3243 |    213 |    156 |   2632 |   5 |  691.2 |
       Dungeon |   3456 |   3243 |    213 |    156 |   2632 |   5 |  691.2 |
               +--------+--------+--------+--------+--------+-----+--------+

Top non-repeatable levels by time:
     D:1: 941 daAuts
     D:2: 884 daAuts
     D:4: 853 daAuts
     D:3: 665 daAuts
     D:5: 111 daAuts
